 Dungeon Crawl Stone Soup version 0.21-a0-243-g597973d (webtiles) character file.

196184 RandomMack the Warrior (level 17, -1/156 HPs)
             Began as a Demigod Wanderer on Sept 3, 2017.
             Slain by an acid blob (27 damage)
             ... on level 5 of the Pits of Slime on Sept 4, 2017.
             The game lasted 01:05:08 (41236 turns).

RandomMack the Warrior (Demigod Wanderer)          Turns: 41236, Time: 01:05:09

Health: -1/156     AC: 20    Str: 19    XL:     17   Next: 52%
Magic:  14/25      EV: 24    Int: 24    God:
Gold:   1320       SH: 11    Dex: 25    Spells: 12/16 levels left

rFire    . . .     SeeInvis +   a - +4 arc blade {discharge, rElec}
rCold    . . .     Gourm    .   E - +0 buckler
rNeg     . . .     Faith    .   A - +2 plate armour {rPois}
rPois    +         Spirit   .   c - +0 mask of the Dragon {MR+ Slay+3 SInv}
rElec    +         Reflect  .   (no cloak)
rCorr    +         Harm     +   M - +0 pair of gloves
MR       ++...                  J - +0 pair of boots
Stlth    ..........             e - amulet of Xovuliraor {Harm *Drain Int+4 Slay+6}
HPRegen  0.36/turn              R - ring of Asoivem {rCorr Stlth+}
MPRegen  0.19/turn              h - ring of Freedom {rElec EV+5 Int+3}

@: agile, studying Air Magic
A: horns 1, large bone plates 1, blurry vision 1, high mp 1, screaming 1,
MP-powered wands
a: no special abilities


You were on level 5 of the Pits of Slime.
You were not hungry.

You visited 6 branches of the dungeon, and saw 31 of its levels.
You also visited: Labyrinth, Sewer and Ossuary.

You collected 2633 gold pieces.
You spent 1313 gold pieces at shops.

Inventory:

Hand Weapons
 a - the +4 arc blade (weapon) {discharge, rElec}
   (You found it on level 12 of the Dungeon)

   It insulates you from electricity.
Armour
 c - the +0 mask of the Dragon (worn) {MR+ Slay+3 SInv}
   (You found it on level 6 of the Lair of Beasts)

   It affects your accuracy and damage with ranged weapons and melee attacks
   (+3).
   It affects your resistance to hostile enchantments.
   It lets you see invisible.
 A - a +2 plate armour of poison resistance (worn)
   (You found it in a labyrinth)
 E - a +0 buckler (worn)
   (You took it off a crimson imp on level 8 of the Dungeon)
 J - a +0 pair of boots (worn)
   (You found it on level 10 of the Dungeon)
 M - a +0 pair of gloves (worn)
   (You found it on level 10 of the Dungeon)
Jewellery
 e - the amulet of Xovuliraor (around neck) {Harm *Drain Int+4 Slay+6}
   (You took it off a skeletal warrior on level 13 of the Dungeon)

   [amulet of harm]

   It increases damage dealt and taken.
   It affects your intelligence (+4).
   It affects your accuracy and damage with ranged weapons and melee attacks
   (+6).
   It causes draining when unequipped.
 h - the ring of Freedom (right hand) {rElec EV+5 Int+3}
   (You found it on level 13 of the Dungeon)

   [ring of evasion]

   It affects your evasion (+5).
   It affects your intelligence (+3).
   It insulates you from electricity.
 r - an uncursed ring of wizardry {Wiz+, !d}
   (You found it on level 2 of the Dungeon)
 w - a +3 ring of protection
   (You found it on level 3 of the Dungeon)
 P - the amulet "Guiloru" {Harm *Drain +Fly rF+++ rC++ MR-}
   (You found it in a labyrinth)

   [amulet of harm]

   It increases damage dealt and taken.
   It renders you almost immune to fire.
   It greatly protects you from cold.
   It affects your resistance to hostile enchantments.
   It lets you fly.
   It causes draining when unequipped.
 R - the ring of Asoivem (left hand) {rCorr Stlth+}
   (You found it in a labyrinth)

   [ring of resist corrosion]

   It makes you more stealthy.
Wands
 p - a wand of scattershot (0/9)
   (You found it on level 5 of the Lair of Beasts)
 H - a wand of scattershot (1/9)
   (You found it on level 9 of the Dungeon)
 N - a wand of paralysis (0/24)
   (You found it on level 12 of the Dungeon)
 S - a wand of scattershot (0/9)
   (You found it in a labyrinth)
Scrolls
 f - a scroll of fog
 i - a scroll of enchant weapon
 j - 3 scrolls of magic mapping {!r}
 k - 4 scrolls of remove curse
 m - 2 scrolls of recharging
 q - 7 scrolls of enchant armour
 x - 3 scrolls of fear
 z - a scroll of identify
 T - 3 scrolls of amnesia
Potions
 b - 3 potions of curing
 d - a potion of haste
 n - 3 potions of agility
 v - a potion of cancellation
 G - 3 potions of brilliance
 K - 5 potions of flight
Books
 g - a manual of Air Magic {!d}
   (You found it on level 12 of the Dungeon)
 y - a book of Dreams
   (You found it on level 14 of the Dungeon)
Miscellaneous
 u - a lightning rod (4/4)
   (You found it on level 12 of the Dungeon)
 C - a crystal ball of energy
   (You found it on level 14 of the Dungeon)
 L - a fan of gales
   (You found it on level 12 of the Dungeon)
Comestibles
 l - 9 meat rations {@e2}
 o - 27 royal jellies
 s - 46 fruits


   Skills:
 - Level 15.0 Fighting
 - Level 14.0 Short Blades
   Level 14.0 Maces & Flails
   Level 1.7 Bows
 - Level 1.0 Throwing
 - Level 11.0 Armour
 + Level 10.6 Dodging
 - Level 1.7 Stealth
 - Level 5.2 Shields
 - Level 5.8 Evocations


You had 12 spell levels left.
You knew the following spells:

 Your Spells              Type           Power        Failure   Level  Hunger
a - Airstrike             Air            #.........   100%        4    #####..


Dungeon Overview and Level Annotations

Branches:
Dungeon (15/15)            Temple (0/1) D:6            Lair (6/6) D:8
 Shoals (0/4) Lair:2       Spider (2/4) Lair:4        Slime (5/5) Lair:5
    Orc (2/2) D:12            Elf (0/3) Orc:2        Vaults (0/5) D:13
 Depths (1/5) D:15

Shops:
D:14 *   D:15 ?   Orc:2 *(}*

Annotations:
D:5 1 runed door
Lair:2 exclusion: 2 centaurs
Lair:4 exclusion: oklob plant
Lair:5 Rupert


Innate Abilities, Weirdness & Mutations

You have an increased reservoir of magic. (+10% MP)
You have a pair of small horns on your head.
You are partially covered in large bone plates. (SH +4)
Scrolls take you a little longer to read.
You occasionally shout uncontrollably at your foes.
You expend magic power (3 MP) to strengthen your wands.


Message History

The slime creature quivers.
The eye of draining turns its gaze towards you.
A slime creature comes into view.
The slime creature quivers.
A slime creature comes into view.
The slime creature quivers.
A slime creature comes into view.
The slime creature quivers.
A slime creature comes into view.
The slime creature quivers.
A slime creature comes into view.
The slime creature quivers.
A slime creature comes into view.
The slime creature quivers.
A slime creature comes into view.
The slime creature quivers.
An acid blob comes into view.
The acid blob quivers.
A shining eye comes into view.
The shining eye turns its gaze towards you.
A slime creature comes into view.
The slime creature quivers.
A slime creature comes into view.
The slime creature quivers.
A slime creature comes into view.
The slime creature quivers.
Two slime creatures merge to form a large slime creature. x2
An acid blob and 5 slime creatures come into view.
Unknown command.
Unknown command.
Really read with blurry vision while enemies are nearby?
The acid blob jiggles.
The acid blob spits acid at you. The splash of acid hits you!
You are splashed with acid!
The acid burns!
You resist.
* * * LOW HITPOINT WARNING * * *
Two slime creatures merge to form a large slime creature.
You begin reading the scroll.
You continue reading the scroll.
As you read the scroll of teleportation, it crumbles to dust.
You feel strangely unstable.
You take 8 damage, and have 17/156 hp.
Unknown command.
Unknown command.
You feel better.
The acid blob hits you but does no damage.
Two slime creatures merge to form a large slime creature.
Two slime creatures merge to form a very large slime creature.
The eye of draining gazes at you.
You feel your power leaking away.
You regained 7 hp, and now have 24/156 hp.
You now have 19/25 mp.
The acid blob spits acid at you. The splash of acid hits you! You resist.
* * * LOW HITPOINT WARNING * * *
The acid corrodes you!
You are splashed with acid!
The acid burns!
You resist.
* * * LOW HITPOINT WARNING * * *
The acid blob spits acid at you. The splash of acid hits you! You resist.
* * * LOW HITPOINT WARNING * * *
You are splashed with acid!
The acid burns!
You resist.
* * * LOW HITPOINT WARNING * * *
Two slime creatures merge to form a large slime creature.
Two slime creatures merge to form a titanic slime creature.
Found a stone staircase leading up.
Unknown command.
You take 15 damage, and have 9/156 hp.
Unknown command.
Unknown command.
Unknown command.
An acid blob comes into view.
The acid blob quivers.
The eye of draining gazes at you.
You feel your power leaking away.
Two slime creatures merge to form a very large slime creature.
You now have 13/25 mp.
Unknown command.
Unknown command.
Unknown command.
Your extra speed is starting to run out.
Your surroundings suddenly seem different.
Okay, then.
Your magical effects are unravelling.
You feel magically purged.
You feel yourself slow down.
You feel a little less agile now.
You are no longer corroded.
Unknown command.
You feel better.
The acid blob quivers.
You regained 11 hp, and now have 21/156 hp.
You feel better. The acid blob spits acid at you. The splash of acid hits you!
You are splashed with acid!
The acid burns!
You resist.
* * * LOW HITPOINT WARNING * * *
You regained 6 hp, and now have 27/156 hp.
You feel agile all of a sudden.
You hit the acid blob.
Your hands burn!
* * * LOW HITPOINT WARNING * * *
You headbutt the acid blob! The acid blob hits you!!
You die...

****,,,,,,,,,,,,.................
*,,*,,,..........................
,,,,,,...........................
*,,,,.........................J<.
,,,,.............................
,,,........................J.....
,,...............................
,,...............................
,...............@J...............
,.............####..#.#..........
,............##**##.####.........
,..........J.#*,*#..#*,##........
,.........J###$!(#.##,,,###......
,.....§...###%)%##J.##,,,*#......
,.....§§J.#*}|[=?.J..(,,,,*#.....
....§§§§§§#*,$}[......,,,,**....,
.....§.§§##**$?.|....).,,***,,,,,


You could see an acid blob.

Vanquished Creatures
  the Royal Jelly (Slime:5)
  Saint Roka (Orc:2)
  7 acid blobs
  Frances (Lair:4)
  5 azure jellies
  An orc warlord (Orc:1)
  A minotaur (Lab)
  2 death oozes (Slime:5)
  4 great orbs of eyes
  A rakshasa (D:13)
  The ghost of tidbits the Martial Artist, a journeyman DgTm (Orc:1)
  5 hydras
  2 centaur warriors
  4 ogre magi
  A death yak (Lair:1)
  2 tengu warriors (D:14)
  23 two-headed ogres
  An orc high priest (Orc:2)
  A shock serpent (D:12)
  A sixfirhy (D:12)
  11 skeletal warriors
  An unseen horror (D:10)
  A flayed ghost (D:15)
  2 deep trolls (Orc:1)
  A tengu zombie (D:15)
  5 orc knights
  The ghost of Jobber the Cleaver, a novice DsBe of Trog (D:6)
  10 orb spiders
  4 shining eyes
  4 deep elf magi
  2 necromancers
  18 wolf spiders
  5 manticores
  4 orc sorcerers
  8 cyclopes
  11 ugly things
  12 elephants
  4 black mambas
  Joseph (D:10)
  A torpor snail (Spider:1)
  3 gargoyles
  6 spiny frogs
  3 rime drakes
  4 kobold demonologists
  9 komodo dragons
  7 demonic crawlers
  An efreet (D:14)
  A yaktaur skeleton (D:15)
  3 meliai (D:13)
  24 jumping spiders
  A queen bee (D:11)
  18 trolls
  4 polar bears
  5 raiju (D:12)
  9 hornets
  32 slime creatures
  11 hippogriffs
  22 blink frogs
  A dream sheep (Lair:6)
  An ettin zombie (D:15)
  Sigmund (D:5)
  21 tarantellas
  44 redbacks
  14 spriggans (Lair:6)
  A wyvern (D:14)
  A shadow (D:13)
  A human (D:7)
  4 hogs (D:7)
  A wraith (D:14)
  2 vampires
  2 basilisks
  23 yaks
  3 hungry ghosts
  A human zombie (D:15)
  Menkaure (D:7)
  7 vampire mosquitoes
  5 wargs
  A soldier ant (D:9)
  2 acid dragons
  Duvessa (D:5)
  8 water moccasins
  6 porcupines
  34 orc warriors
  A floating eye (Slime:4)
  5 ice beasts
  A phantom (D:11)
  8 black bears
  2 eyes of draining
  4 sky beasts
  37 ogres
  4 boggarts (Lair:6)
  The ghost of p0werm0de the Skirmisher, an amateur DsFi (D:4)
  2 necrophages
  10 centaurs
  15 crocodiles
  48 wolves
  7 big kobolds
  A gnoll sergeant (D:9)
  13 bullfrogs
  Dowan (D:5)
  7 scorpions
  A wyvern skeleton (D:7)
  39 killer bees
  2 electric eels
  4 howler monkeys
  2 bullfrog zombies
  12 crimson imps
  5 jellies
  A quasit (D:10)
  7 hounds
  22 orc priests
  2 bullfrog skeletons
  2 centaur zombies
  7 centaur skeletons
  26 orc wizards
  A gnoll shaman (D:8)
  5 iguanas
  Terence (D:2)
  4 worker ants
  Ijyb (D:3)
  3 polar bear simulacra (D:13)
  A killer bee zombie (D:10)
  3 yak simulacra (D:13)
  A wolf simulacrum (D:13)
  3 big kobold zombies (Ossuary)
  A hound zombie (D:9)
  2 mummies
  12 adders
  18 gnolls
  5 river rats
  A shadow imp (D:15)
  An adder zombie (D:9)
  2 worms
  2 dart slugs
  8 leopard geckos
  112 orcs
  5 spectral bats (Ossuary)
  6 ball pythons
  6 giant cockroaches
  9 gnoll zombies (Ossuary)
  7 hobgoblins
  13 jackals
  8 quokkas
  3 bats
  5 bat simulacra (Ossuary)
  8 frilled lizards
  10 goblins
  A goblin simulacrum (Ossuary)
  7 goblin zombies
  11 hobgoblin zombies
  A jackal zombie (D:9)
  31 kobolds
  7 kobold simulacra (Ossuary)
  2 kobold zombies (Ossuary)
  A leopard gecko skeleton (D:7)
  A quokka skeleton (D:4)
  9 rats
  4 rat simulacra (Ossuary)
  4 river rat simulacra (D:13)
  5 spectral goblins (Ossuary)
  2 spectral kobolds (Ossuary)
  2 spectral rats (Ossuary)
  A plant (Lair:4)
1175 creatures vanquished.

Vanquished Creatures (collateral kills)
  Agnes (Spider:1)
1 creature vanquished.

Vanquished Creatures (others)
  3 fungi
  5 plants
  4 withered plants (D:15)
12 creatures vanquished.

Grand Total: 1188 creatures vanquished

Notes
Turn   | Place    | Note
-------+----------+-------------------------------------------
     0 | D:1      | RandomMack the Demigod Wanderer began the quest for the Orb.
     0 | D:1      | RandomMack set off with: a +2 short sword, a potion of curing, a +0 shortbow, 25 arrows, a +0 robe, a +0 dagger, a bread ration
     0 | D:1      | Reached XP level 1. HP: 17/17 MP: 3/3
   135 | D:1      | Reached skill level 2 in Fighting
   420 | D:1      | Reached XP level 2. HP: 13/25 MP: 4/4
  1290 | D:2      | Reached skill level 3 in Fighting
  1456 | D:2      | Reached XP level 3. HP: 26/31 MP: 5/5
  1749 | D:2      | Noticed Terence
  1761 | D:2      | Killed Terence
  2111 | D:3      | Reached skill level 4 in Fighting
  2168 | D:3      | Reached XP level 4. HP: 24/40 MP: 6/6
  2596 | D:3      | Noticed Ijyb
  2607 | D:3      | Killed Ijyb
  2607 | D:3      | Reached skill level 1 in Maces & Flails
  2649 | D:3      | Reached skill level 2 in Maces & Flails
  2649 | D:3      | Reached XP level 5. HP: 22/47 MP: 7/7
  3348 | D:4      | Found a glowing drain.
  3354 | D:4      | Reached skill level 3 in Maces & Flails
  3379 | Sewer    | Entered a sewer
  3479 | Sewer    | Reached XP level 6. HP: 48/53 MP: 8/8
  3550 | Sewer    | Reached skill level 4 in Maces & Flails
  3833 | D:4      | Found a sand-covered staircase.
  3839 | Ossuary  | Entered an ossuary
  4046 | Ossuary  | Reached skill level 5 in Maces & Flails
  4382 | D:4      | HP: 8/53 [orc priest/divine providence (14)]
  4384 | D:4      | Reached XP level 7. HP: 10/60 MP: 9/9
  4746 | D:4      | Noticed p0werm0de's ghost (amateur DsFi)
  4760 | D:4      | Killed p0werm0de's ghost
  4760 | D:4      | Reached skill level 6 in Maces & Flails
  5278 | D:5      | Entered Level 5 of the Dungeon
  5497 | D:5      | Noticed Dowan
  5502 | D:5      | Noticed Duvessa
  5787 | D:4      | Reached skill level 7 in Maces & Flails
  6090 | D:5      | Found a shadowy altar of Dithmenos.
  6197 | D:5      | Noticed Sigmund
  6217 | D:5      | Killed Sigmund
  6217 | D:5      | Reached XP level 8. HP: 52/67 MP: 10/10
  6272 | D:5      | Reached skill level 8 in Maces & Flails
  6410 | D:5      | Killed Duvessa
  6419 | D:5      | Killed Dowan
  6462 | D:6      | Found a staircase to the Ecumenical Temple.
  6606 | D:5      | Found a runed door.
  6955 | D:6      | Reached skill level 9 in Maces & Flails
  7183 | D:6      | Noticed Jobber's ghost (novice DsBe)
  7193 | D:6      | Killed Jobber's ghost
  7193 | D:6      | Reached skill level 10 in Maces & Flails
  7420 | D:7      | Reached XP level 9. HP: 71/72 MP: 11/11
  7625 | D:7      | Reached skill level 5 in Fighting
  7740 | D:7      | HP: 14/74 [hog (8)]
  7772 | D:7      | HP: 26/112 [hog (7)]
  7778 | D:7      | HP: 25/112 [hog (3)]
  7783 | D:7      | HP: 11/112 [hog (7)]
  7786 | D:7      | Reached skill level 6 in Fighting
  8356 | D:7      | Reached skill level 11 in Maces & Flails
  8750 | D:7      | Noticed Menkaure
  8755 | D:7      | Killed Menkaure
  8755 | D:7      | Reached skill level 2 in Dodging
  8826 | D:7      | Found a sparkling altar of Nemelex Xobeh.
  9172 | D:8      | Noticed a two-headed ogre
  9459 | D:8      | Found a staircase to the Lair.
  9529 | D:8      | Reached skill level 3 in Dodging
  9540 | D:8      | Found an iron altar of Okawaru.
  9810 | D:8      | Killed a two-headed ogre
  9810 | D:8      | Reached XP level 10. HP: 84/84 MP: 13/13
  9849 | D:8      | Reached skill level 4 in Dodging
  9997 | D:9      | Found a snail-covered altar of Cheibriados.
 10018 | D:9      | Reached skill level 2 in Shields
 10065 | D:9      | Upgraded the game from 0.21-a0-241-g2cbab09 to 0.21-a0-243-g597973d
 10183 | D:9      | Reached skill level 3 in Shields
 10270 | D:9      | Noticed a two-headed ogre
 10296 | D:9      | Killed a two-headed ogre
 10296 | D:9      | Reached skill level 5 in Shields
 10488 | D:9      | Noticed a two-headed ogre
 10499 | D:9      | Killed a two-headed ogre
 10833 | D:9      | Reached skill level 7 in Fighting
 10938 | D:9      | Reached skill level 12 in Maces & Flails
 10997 | D:10     | Entered Level 10 of the Dungeon
 11481 | D:10     | Killed an unseen horror
 11728 | D:10     | Noticed Joseph
 11750 | D:10     | Killed Joseph
 11750 | D:10     | Reached XP level 11. HP: 66/93 MP: 14/14
 12340 | Lair:1   | Entered Level 1 of the Lair of Beasts
 12350 | Lair:1   | Reached skill level 8 in Fighting
 13127 | Lair:1   | HP: 23/95 [blink frog (9)]
 13135 | Lair:1   | Reached skill level 13 in Maces & Flails
 13499 | Lair:1   | Noticed a death yak
 13540 | Lair:1   | Killed a death yak
 13540 | Lair:1   | Reached skill level 9 in Fighting
 15088 | Lair:2   | Found a staircase to the Shoals.
 15188 | Lair:2   | Reached skill level 10 in Fighting
 15689 | Lair:2   | Found an ancient bone altar of Kikubaaqudgha.
 16039 | Lair:3   | Found a labyrinth entrance.
 16048 | Lab      | Entered a labyrinth
 16147 | Lab      | p0werm0de: ???
 16150 | Lab      | p0werm0de: ;D
 16150 | Lab      | RandomMack: random characters
 16150 | Lab      | RandomMack: ! at creation
 16169 | Lab      | p0werm0de: ha is it you
 16177 | Lab      | RandomMack: :)
 16202 | Lab      | RandomMack: cant ruin my perfect win% on main!
 16233 | Lab      | p0werm0de: with streak ambitions
 16239 | Lab      | p0werm0de: ??
 16240 | Lab      | RandomMack: Ill do my best
 16244 | Lab      | p0werm0de: k
 16310 | Lab      | Noticed a minotaur
 16311 | Lab      | p0werm0de: your scoring is like 337 bio too
 16312 | Lab      | p0werm0de: ;D
 16319 | Lab      | Killed a minotaur
 16319 | Lab      | Reached skill level 14 in Maces & Flails
 16319 | Lab      | p0werm0de: need to work on that
 16319 | Lab      | Reached XP level 12. HP: 106/106 MP: 15/15
 16348 | Lab      | p0werm0de: if you finally wanna reach my 2,5bio
 16348 | Lab      | RandomMack: bio?
 16364 | Lab      | Identified the Reference Book on Contamination and Earth
 16365 | Lab      | p0werm0de: yea youre in millions i see
 16365 | Lab      | p0werm0de: ;D
 16365 | Lab      | Got a transparent ruby amulet
 16365 | Lab      | Got a brightly glowing marble ring
 16368 | Lab      | p0werm0de: my total score now 2,39 bio
 16369 | Lab      | Identified the amulet "Guiloru" {Harm *Drain +Fly rF+++ rC++ MR-} (You found it in a labyrinth)
 16370 | Lab      | p0werm0de: i feel crazy bcz of it
 16370 | Lab      | RandomMack: oh I see!
 16370 | Lab      | p0werm0de: chasing arra and yermak with 5bio
 16371 | Lab      | Identified the ring of Asoivem {rCorr Stlth+} (You found it in a labyrinth)
 16374 | Lab      | p0werm0de: https://soundcloud.com/rene-bourgeois/rene-bourgeois-ritter-butzke-3000-wanderzirkus
 16376 | Lab      | p0werm0de: checkk da minute 9+
 16376 | Lab      | p0werm0de: and 44+
 16387 | Lab      | p0werm0de: and all of it if ya like
 16653 | Lair:3   | Reached skill level 1 in Armour
 17063 | Lair:3   | Reached skill level 2 in Armour
 17363 | Lair:4   | Noticed a six-headed hydra
 17368 | Lair:4   | Reached skill level 3 in Armour
 17389 | Lair:4   | Killed a six-headed hydra
 17389 | Lair:4   | Reached skill level 4 in Armour
 17967 | Lair:4   | Reached skill level 5 in Armour
 18254 | Lair:4   | Found a hole to the Spider Nest.
 18272 | Lair:4   | HP: 26/106 [poisoned by a redback]
 18277 | Lair:4   | HP: 19/106 [poisoned by a redback]
 18282 | Lair:4   | HP: 15/106 [poisoned by a redback]
 18287 | Lair:4   | HP: 13/106 [poisoned by a redback]
 18292 | Lair:4   | HP: 11/106 [poisoned by a redback]
 18297 | Lair:4   | HP: 10/106 [poisoned by a redback]
 18304 | Lair:4   | HP: 10/106 [poisoned by a redback]
 18312 | Lair:4   | HP: 11/106 [poisoned by a redback]
 18839 | Lair:5   | Noticed a seven-headed hydra
 18855 | Lair:5   | Killed a seven-headed hydra
 18855 | Lair:5   | Reached skill level 6 in Armour
 19113 | Lair:5   | Found a staircase to the Slime Pits.
 19136 | Lair:5   | Reached skill level 7 in Armour
 19417 | Lair:5   | Noticed Rupert
 19463 | Lair:6   | Entered Level 6 of the Lair of Beasts
 19553 | Lair:6   | Reached skill level 8 in Armour
 19705 | Lair:6   | HP: 5/106 [spriggan rider/enchanted spear (25)]
 19715 | Lair:6   | HP: 16/159 [spriggan rider/enchanted spear (2)]
 19743 | Lair:6   | Reached skill level 9 in Armour
 19755 | Lair:6   | HP: 27/159 [black bear (1)]
 19773 | Lair:6   | HP: 20/106 [spriggan/short sword (2)]
 20546 | Lair:6   | Reached XP level 13. HP: 106/113 MP: 16/16
 20570 | Lair:6   | Reached skill level 10 in Armour
 20968 | Lair:5   | Paralysed by Rupert for 2 turns
 20971 | Lair:5   | HP: 24/113 [polar bear (18)]
 20974 | Lair:4   | HP: 7/113 [polar bear (15)]
 20978 | Lair:4   | Reached skill level 11 in Armour
 22388 | Lair:6   | Found the +0 mask of the Dragon {MR+ Slay+3 SInv}
 22457 | Lair:6   | Reached skill level 11 in Fighting
 24125 | D:12     | Found a staircase to the Orcish Mines.
 24208 | D:12     | Reached skill level 5 in Evocations
 24208 | D:12     | Reached XP level 14. HP: 125/125 MP: 16/21
 24218 | D:12     | Reached skill level 12 in Fighting
 24535 | D:12     | HP: 25/126 [shock serpent/bolt of electricity (7)]
 24548 | D:12     | HP: 20/126 [hippogriff (2)]
 25193 | D:12     | Found the +4 arc blade {discharge, rElec}
 25664 | D:12     | Reached skill level 2 in Short Blades
 25667 | Orc:1    | Entered Level 1 of the Orcish Mines
 25667 | Orc:1    | Noticed tidbits's ghost (journeyman DgTm)
 25684 | Orc:1    | Killed tidbits's ghost
 25780 | Orc:1    | Reached skill level 3 in Short Blades
 26065 | Orc:1    | You fall through a shaft!
 26065 | Orc:2    | Entered Level 2 of the Orcish Mines
 26065 | Orc:2    | Found a staircase to the Elven Halls.
 26356 | Orc:1    | Reached skill level 4 in Short Blades
 26703 | Orc:2    | Found Itwog's Weapon Shoppe.
 26703 | Orc:2    | Found Peitz's Assorted Antiques.
 26986 | Orc:1    | HP: 26/126 [ogre/giant club (16)]
 26989 | Orc:1    | HP: 8/126 [ogre/giant spiked club (19)]
 27110 | Orc:1    | HP: 29/126 [orc priest/divine providence (16)]
 27119 | Orc:1    | HP: 30/126 [orc/vampiric trident (2)]
 27127 | Orc:1    | HP: 26/126 [orc wizard/magic dart (6)]
 27265 | Orc:1    | Reached skill level 5 in Short Blades
 27460 | Orc:1    | Noticed an orc warlord
 27475 | Orc:1    | Killed an orc warlord
 27476 | Orc:1    | HP: 22/126 [orc warrior/long sword[an orc warlord] (15)]
 27856 | Orc:2    | Noticed Saint Roka
 27872 | D:12     | HP: 30/126 [ogre/giant club (12)]
 27947 | D:12     | Reached skill level 6 in Short Blades
 27947 | D:12     | Reached XP level 15. HP: 55/133 MP: 23/23
 28210 | Orc:1    | HP: 20/133 [ogre/giant club (20)]
 28699 | Orc:1    | Reached skill level 7 in Short Blades
 29496 | Orc:2    | Reached skill level 8 in Short Blades
 29915 | Orc:2    | Killed Saint Roka
 29915 | Orc:2    | Reached skill level 9 in Short Blades
 31036 | Orc:2    | Found Fopre's Gadget Emporium.
 31042 | Orc:2    | Found Saduphy's General Store.
 31056 | Orc:2    | Bought a scorched leather armour for 168 gold pieces
 31056 | Orc:2    | Bought a scroll labeled IRUEFIPONG for 24 gold pieces
 31057 | Orc:2    | Identified the cursed +0 leather armour "Biwkuuj" {rF+ Slay+3} (You bought it in a shop on level 2 of the Orcish Mines)
 31217 | Orc:2    | Reached skill level 10 in Short Blades
 31923 | D:13     | Found a gate to the Vaults.
 32102 | D:13     | Got a sparkling steel amulet
 32113 | D:13     | Reached skill level 11 in Short Blades
 32141 | D:13     | Found a transporter.
 32399 | D:13     | Got a crude robe
 32535 | D:13     | HP: 23/133 [meliai/divine providence (14)]
 32935 | D:13     | Found a transporter.
 32949 | D:13     | Paralysed by a hornet for 1 turns
 32961 | D:13     | Reached skill level 12 in Short Blades
 32990 | D:13     | Got a translucent granite ring
 33001 | D:13     | Identified the amulet of Xovuliraor {Harm *Drain Int+4 Slay+6} (You took it off a skeletal warrior on level 13 of the Dungeon)
 33003 | D:13     | Identified the ring of Freedom {rElec EV+5 Int+3} (You found it on level 13 of the Dungeon)
 33015 | D:13     | Identified the cursed +1 robe of Distant Worlds {rC- rN+ Regen+ SInv} (You found it on level 13 of the Dungeon)
 33064 | D:13     | Learned a level 4 spell: Airstrike
 33648 | D:14     | Found Fooh's General Store.
 33651 | D:14     | Bought a potion of agility for 76 gold pieces
 33932 | D:14     | Reached XP level 16. HP: 139/139 MP: 24/24
 33934 | D:14     | Reached skill level 13 in Short Blades
 34198 | D:14     | Paralysed by an ogre mage for 7 turns
 34212 | D:14     | HP: 32/139 [ogre/giant spiked club (3)]
 34548 | D:15     | Entered Level 15 of the Dungeon
 34960 | D:15     | Found Ditwiklae's Magic Scroll Shoppe.
 34966 | D:15     | Bought a scroll of acquirement for 884 gold pieces
 34966 | D:15     | Bought a scroll of enchant armour for 127 gold pieces
 34966 | D:15     | Bought a scroll of identify for 34 gold pieces
 34967 | D:15     | Got a pair of slimy gloves
 34978 | D:15     | Identified the +0 pair of gloves of the Nightingale {MR+ Slay-4 SInv} (You acquired it on level 15 of the Dungeon)
 35027 | D:14     | Reached skill level 14 in Short Blades
 35627 | D:15     | Found a staircase to the Depths.
 35762 | D:15     | Reached skill level 13 in Fighting
 35795 | Depths:1 | Entered Level 1 of the Depths
 36240 | Spider:1 | Entered Level 1 of the Spider Nest
 36249 | Spider:1 | Noticed Frances
 36264 | Lair:4   | Killed Frances
 36719 | Spider:1 | HP: 24/145 [disintegration (28)]
 36734 | Spider:1 | HP: 27/145 [/static electricity (1)]
 36847 | Spider:1 | HP: 15/145 [disintegration (50)]
 36958 | Spider:1 | Reached skill level 14 in Fighting
 38625 | Spider:2 | HP: 31/147 [wolf spider (7)]
 38630 | Spider:2 | HP: 19/147 [poisoned by a wolf spider]
 39142 | Spider:2 | Gained mutation: You expend magic power (3 MP) to strengthen your wands. [potion of mutation]
 39142 | Spider:2 | Gained mutation: Scrolls take you a little longer to read. [potion of mutation]
 39142 | Spider:2 | Gained mutation: You have a pair of small horns on your head. [potion of mutation]
 39142 | Spider:2 | Gained mutation: You are partially covered in large bone plates. (SH +4) [potion of mutation]
 39180 | Spider:2 | Reached skill level 15 in Fighting
 39290 | Spider:2 | Noticed Agnes
 39301 | Spider:2 | HP: 7/149 [Agnes/lajatang of pain (36)]
 39301 | Spider:2 | HP: 3/149 [Agnes/lajatang of pain (4)]
 39308 | Spider:1 | HP: 9/149 [Agnes/lajatang of pain (4)]
 39312 | Spider:1 | Killed Agnes
 39312 | Spider:1 | Reached skill level 5 in Dodging
 39953 | Slime:1  | Entered Level 1 of the Pits of Slime
 39953 | Slime:1  | Found a viscous altar of Jiyva.
 39955 | Slime:1  | Reached XP level 17. HP: 155/156 MP: 25/25
 40083 | Slime:3  | Reached skill level 6 in Dodging
 40423 | Slime:5  | Entered Level 5 of the Pits of Slime
 40433 | Slime:5  | Reached skill level 7 in Dodging
 40553 | Slime:5  | Noticed the Royal Jelly
 40568 | Slime:4  | Gained mutation: You occasionally shout uncontrollably at your foes. [a shining eye]
 40572 | Slime:4  | Reached skill level 8 in Dodging
 40803 | Slime:4  | Paralysed by a floating eye for 3 turns
 41095 | Slime:5  | Reached skill level 9 in Dodging
 41098 | Slime:5  | Found a viscous altar of Jiyva.
 41173 | Slime:5  | Killed the Royal Jelly
 41173 | Slime:5  | Reached skill level 10 in Dodging
 41183 | Slime:5  | HP: 32/156 [azure jelly[the Royal Jelly] (33)]
 41184 | Slime:5  | HP: 15/156 [azure jelly[the Royal Jelly] (8)]
 41191 | Slime:5  | HP: 10/156 [acid (7)]
 41191 | Slime:5  | HP: 3/156 [acid (7)]
 41214 | Slime:5  | HP: 34/156 [acid (1)]
 41219 | Slime:5  | HP: 24/156 [acid[the Royal Jelly] (1)]
 41224 | Slime:5  | HP: 23/156 [acid blob/splash of acid (2)]
 41224 | Slime:5  | HP: 9/156 [acid (6)]
 41234 | Slime:5  | HP: 27/156 [acid (4)]
 41236 | Slime:5  | Slain by an acid blob

Vault maps used:
D:1:      dpeg_arrival_connections
D:2:      uniq_terence
D:3:      first_bread, minmay_surrounded, uniq_ijyb
D:4:      cheibrodos_sewer_entry_sluice, nicolae_ossuary_entry_giza,
          hangedman_glass_teeth
D:5:      overflow_temple_1_default, uniq_crazy_yiuf_cottage, uniq_duvessa,
          uniq_sigmund
D:6:      minmay_temple_entry_trees
D:7:      grunt_livestock, nemelex_xobeh_ov_fountains_minmay, uniq_menkaure
D:8:      lair_entry_dummy, kennysheep_okawaru_gauntlet
D:9:      basic_altar
D:10:     uniq_joseph
D:11:     special_room
D:12:     minmay_shoctagon
D:13:     gammafunk_the_bubble, david_vaults_1, eino_house_with_fridge
D:14:     serial_shops, nicolae_shop_behind_doors, hex_medium, lightli_minifort
D:15:     gammafunk_depths_entry_grave, serial_shops, nicolae_shop_trees,
          nrook_mini_backslash
Lair:1:   minivault_19, grunt_forest_large_clearings, infiniplex_staircase_pool
Lair:2:   shoals_dummy_entry, serial_bayou_lagoon_a, lemuel_centaur_altar
Lair:3:   lab_entry_generic, grunt_megastairs_5
Lair:4:   spider_nest_entry_funnel_web, minmay_lair_drake_nest,
          lemuel_fruit_tree
Lair:5:   minmay_slime_entry_pillars, grunt_megastairs_4, uniq_rupert
Lair:6:   minmay_lair_end_enchanted_forest, grunt_megastairs_2
Spider:1: spiders_nest_hornet_nest, uniq_frances
Spider:2: uniq_jorgrun, uniq_agnes
Slime:1:  nicolae_slime_jelly_donut, basic_altar
Slime:2:  cheibrodos_slime_lost_civilization_5
Slime:3:  cheibrodos_slime_lost_civilization_7
Orc:2:    st_orc_open, uniq_saint_roka
Depths:1: abyss_entry_flame_altar, corexii_corridor_pit, grunt_mini_vestibule,
          serial_column_ruins, column_ruins_temple_hut, column_ruins_hut,
          column_ruins_open_medium, column_ruins_open_tiny, column_ruins_grid_3,
          column_ruins_grid_3, lemuel_nasty_fountain
Lab:      labyrinth_hidden_loot
Sewer:    sewer_co_tree
Ossuary:  ossuary_zaba_two_paths

Skill      XL: |  1  2  3  4  5  6  7  8  9 10 11 12 13 14 15 16 17 |
---------------+----------------------------------------------------+-----
Fighting       | 2 3 4 6 7 10 11 12 15 | 15.0
Maces & Flails | 2 3 5 7 10 11 12 14 | 14.0
Dodging        | 3 4 5 10 | 10.6
Shields        | 5 |  5.2
Armour         | 9 11 | 11.0
Evocations     | 5 |  5.8
Short Blades   | 6 12 14 | 14.0
Bows           | |  1.7
Throwing       | |  1.0
Stealth        | |  1.7

Action                   |  1- 3 |  4- 6 |  7- 9 | 10-12 | 13-15 | 16-18 || total
-------------------------+-------+-------+-------+-------+-------+-------++-------
Melee: Short sword       |   119 |    59 |       |       |       |       ||   178
       Morningstar       |       |    14 |       |       |       |       ||    14
       Flail             |       |   251 |   389 |  1065 |  1088 |       ||  2793
       Spear             |       |       |     6 |       |       |       ||     6
       Rapier            |       |       |       |       |   301 |   740 ||  1041
       Headbutt          |       |       |       |       |       |    66 ||    66
Evoke: Wand              |       |     2 |     5 |    10 |    11 |     2 ||    30
       Lightning rod     |       |       |       |       |     4 |     1 ||     5
       Phantom mirror    |       |       |       |       |     1 |       ||     1
       Fan of gales      |       |       |       |       |       |     1 ||     1
  Use: Scroll            |       |     6 |     9 |    15 |    12 |    12 ||    54
       Potion            |       |       |     8 |     6 |     7 |    18 ||    39
 Stab: Sleeping          |     5 |     1 |     1 |     4 |       |       ||    11
       Paralysed         |       |       |     4 |       |    15 |       ||    19
  Eat: Chunk             |     4 |     4 |     6 |    21 |    29 |     3 ||    67
       Royal jelly       |       |     1 |       |       |       |       ||     1
       Bread ration      |       |     1 |     2 |     5 |     3 |     2 ||    13
       Meat ration       |       |       |       |       |       |     3 ||     3
Armor: Robe              |     2 |       |       |       |       |       ||     2
       Ring mail         |    24 |   122 |    34 |   129 |       |       ||   309
       Chain mail        |       |       |   101 |       |       |       ||   101
       Skin              |       |       |    28 |    58 |       |       ||    86
       Plate armour      |       |       |       |   180 |   645 |   263 ||  1088
Dodge: Dodged            |    68 |   223 |   151 |   464 |   566 |   314 ||  1786
Block: Buckler           |       |       |       |   221 |   321 |   165 ||   707

Table legend:
 A = Spawn XP
 B = Non-spawn XP
 C = Spawn XP percentage of total XP
 D = Spawn monster count
 E = Non-spawn monster count
 F = Spawn count percentage of total count
 G = Total turns spent on level
                    A         B        C        D         E        F      G
               +---------+---------+-------+---------+---------+-------+---------
         Total |   31824 |  230572 |  12.1 |     188 |     982 |  16.1 | 41236
               +---------+---------+-------+---------+---------+-------+---------
           D:1 |       3 |      22 |  12.0 |       1 |      13 |   7.1 |  1207
           D:2 |       4 |      67 |   5.6 |       3 |      11 |  21.4 |   828
           D:3 |       2 |     228 |   0.9 |       2 |      40 |   4.8 |  1295
           D:4 |     189 |     404 |  31.9 |      10 |      18 |  35.7 |  1354
           D:5 |      64 |     698 |   8.4 |       6 |      10 |  37.5 |  1337
           D:6 |      46 |    1083 |   4.1 |       1 |       8 |  11.1 |   592
           D:7 |     338 |    1978 |  14.6 |       8 |      18 |  30.8 |  1994
           D:8 |     179 |    2096 |   7.9 |       2 |      25 |   7.4 |  1550
           D:9 |     142 |    3442 |   4.0 |       8 |      40 |  16.7 |  1295
          D:10 |     218 |    3333 |   6.1 |       7 |      30 |  18.9 |  1081
          D:11 |     296 |    5075 |   5.5 |       1 |      64 |   1.5 |  1560
          D:12 |    2952 |    5998 |  33.0 |      13 |      27 |  32.5 |  1851
          D:13 |    2047 |   20446 |   9.1 |       8 |      59 |  11.9 |  1826
          D:14 |     348 |   18250 |   1.9 |       6 |      53 |  10.2 |  1460
          D:15 |    4073 |   17876 |  18.6 |      11 |      53 |  17.2 |  1066
        Lair:1 |     418 |    6440 |   6.1 |       1 |      36 |   2.7 |  1741
        Lair:2 |     764 |    2702 |  22.0 |       2 |      15 |  11.8 |  1199
        Lair:3 |       0 |    1504 |   0.0 |       0 |       4 |   0.0 |   964
        Lair:4 |    1328 |    6667 |  16.6 |       3 |      20 |  13.0 |  2819
        Lair:5 |    1033 |    5011 |  17.1 |       7 |      19 |  26.9 |  1173
        Lair:6 |    3610 |   17971 |  16.7 |       9 |      80 |  10.1 |  2442
      Spider:1 |    6750 |   25372 |  21.0 |      20 |      72 |  21.7 |  2780
      Spider:2 |       0 |    8247 |   0.0 |       0 |      31 |   0.0 |   218
       Slime:1 |       0 |    1943 |   0.0 |       0 |       5 |   0.0 |   114
       Slime:3 |       0 |    6784 |   0.0 |       0 |       8 |   0.0 |   340
       Slime:4 |       0 |    8254 |   0.0 |       0 |      10 |   0.0 |   520
       Slime:5 |       0 |   30045 |   0.0 |       0 |      17 |   0.0 |   298
         Orc:1 |    4808 |    9384 |  33.9 |      44 |      72 |  37.9 |  2938
         Orc:2 |    2212 |   17842 |  11.0 |      15 |      47 |  24.2 |  2282
           Lab |       0 |    1071 |   0.0 |       0 |       1 |   0.0 |   401
         Sewer |       0 |     173 |   0.0 |       0 |      14 |   0.0 |   312
       Ossuary |       0 |     166 |   0.0 |       0 |      62 |   0.0 |   386
               +---------+---------+-------+---------+---------+-------+---------

Vault maps used:
D:1:      dpeg_arrival_connections
D:2:      uniq_terence
D:3:      first_bread, minmay_surrounded, uniq_ijyb
D:4:      cheibrodos_sewer_entry_sluice, nicolae_ossuary_entry_giza,
          hangedman_glass_teeth
D:5:      overflow_temple_1_default, uniq_crazy_yiuf_cottage, uniq_duvessa,
          uniq_sigmund
D:6:      minmay_temple_entry_trees
D:7:      grunt_livestock, nemelex_xobeh_ov_fountains_minmay, uniq_menkaure
D:8:      lair_entry_dummy, kennysheep_okawaru_gauntlet
D:9:      basic_altar
D:10:     uniq_joseph
D:11:     special_room
D:12:     minmay_shoctagon
D:13:     gammafunk_the_bubble, david_vaults_1, eino_house_with_fridge
D:14:     serial_shops, nicolae_shop_behind_doors, hex_medium, lightli_minifort
D:15:     gammafunk_depths_entry_grave, serial_shops, nicolae_shop_trees,
          nrook_mini_backslash
Lair:1:   minivault_19, grunt_forest_large_clearings, infiniplex_staircase_pool
Lair:2:   shoals_dummy_entry, serial_bayou_lagoon_a, lemuel_centaur_altar
Lair:3:   lab_entry_generic, grunt_megastairs_5
Lair:4:   spider_nest_entry_funnel_web, minmay_lair_drake_nest,
          lemuel_fruit_tree
Lair:5:   minmay_slime_entry_pillars, grunt_megastairs_4, uniq_rupert
Lair:6:   minmay_lair_end_enchanted_forest, grunt_megastairs_2
Spider:1: spiders_nest_hornet_nest, uniq_frances
Spider:2: uniq_jorgrun, uniq_agnes
Slime:1:  nicolae_slime_jelly_donut, basic_altar
Slime:2:  cheibrodos_slime_lost_civilization_5
Slime:3:  cheibrodos_slime_lost_civilization_7
Orc:2:    st_orc_open, uniq_saint_roka
Depths:1: abyss_entry_flame_altar, corexii_corridor_pit, grunt_mini_vestibule,
          serial_column_ruins, column_ruins_temple_hut, column_ruins_hut,
          column_ruins_open_medium, column_ruins_open_tiny, column_ruins_grid_3,
          column_ruins_grid_3, lemuel_nasty_fountain
Lab:      labyrinth_hidden_loot
Sewer:    sewer_co_tree
Ossuary:  ossuary_zaba_two_paths

Table legend:
 A = Turns spent in this place as a percentage of turns spent in the entire game.
 B = Non-inter-level travel turns spent in this place as a percentage of non-inter-level travel turns spent in the entire game.
 C = Inter-level travel turns spent in this place as a percentage of turns spent in this place.
 D = Turns resting spent in this place as a percentage of non-inter-level travel turns spent in this place.
 E = Turns spent auto-exploring this place as a percentage of non-inter-level travel turns spent in this place.
 F = Non-inter-level travel turns spent in this place divided by the number of levels of this place that you've seen.
                   A       B       C       D       E      F
               +-------+-------+-------+-------+-------+----------------------
         Total | 100.0 | 100.0 |   3.8 |  44.2 |  33.7 | 1167.0
       Dungeon |  49.2 |  48.9 |   4.4 |  38.6 |  40.9 | 1293.1
          Lair |  25.1 |  25.0 |   4.2 |  41.9 |  39.4 | 1650.2
   Spider Nest |   7.3 |   7.4 |   1.8 |  62.9 |  14.6 | 1472.5
    Slime Pits |   3.1 |   3.2 |   0.0 |  71.2 |   0.0 | 256.6
  Orcish Mines |  12.7 |  12.7 |   3.3 |  61.0 |  16.3 | 2525.0
        Depths |   0.0 |   0.0 |   0.0 |   0.0 |   0.0 |   2.0
     Labyrinth |   1.0 |   1.0 |   0.0 |   9.7 |   0.0 | 401.0
         Sewer |   0.8 |   0.8 |   0.0 |   0.0 |  47.4 | 312.0
       Ossuary |   0.9 |   1.0 |   0.0 |   0.0 |  35.0 | 386.0
               +-------+-------+-------+-------+-------+----------------------

Table legend:
 A = Kills in this place as a percentage of kills in entire the game.
 B = Kills by you in this place as a percentage of kills by you in the entire game.
 C = Kills by friends in this place as a percentage of kills by friends in the entire game.
 D = Other kills in this place as a percentage of other kills in the entire game.
 E = Experience gained in this place as a percentage of experience gained in the entire game.
 F = Experience gained in this place divided by the number of levels of this place that you have seen.
                   A       B       C       D       E      F
               +-------+-------+-------+-------+-------+----------------------
         Total | 100.0 | 100.0 | 100.0 |   N/A | 100.0 | 7717.5
       Dungeon |  47.5 |  47.6 |   0.0 |   N/A |  35.0 | 6126.5
          Lair |  16.8 |  16.8 |   0.0 |   N/A |  18.1 | 7908.0
   Spider Nest |  10.5 |  10.4 | 100.0 |   N/A |  15.4 | 20184.5
    Slime Pits |   3.4 |   3.4 |   0.0 |   N/A |  17.9 | 9405.2
  Orcish Mines |  15.2 |  15.2 |   0.0 |   N/A |  13.1 | 17123.0
     Labyrinth |   0.1 |   0.1 |   0.0 |   N/A |   0.4 | 1071.0
         Sewer |   1.2 |   1.2 |   0.0 |   N/A |   0.1 | 173.0
       Ossuary |   5.3 |   5.3 |   0.0 |   N/A |   0.1 | 166.0
               +-------+-------+-------+-------+-------+----------------------
